 Dungeon Crawl Stone Soup version 0.31.0-32-g396128a36d (webtiles) character file.

Game seed: 10549857671124255534

129 spaghetti the Caller (level 5, -2/45 HPs)
             Began as a Naga Summoner on Mar 9, 2024.
             Was a Believer of Elyvilon.
             Slain by a nameless horror (4 damage)
             ... created by miscasting Summon Lightning Spire
             ... on level 3 of the Dungeon.
             The game lasted 00:04:20 (2844 turns).

spaghetti the Caller (Naga Summoner)                Turns: 2844, Time: 00:04:21

Health: -2/45      AC:  5    Str: 10    XL:     5   Next: 12%
Magic:  1/9        EV:  8    Int: 17    God:    Elyvilon [**....]
Gold:   178        SH:  0    Dex: 12    Spells: 3/10 levels left

rFire   + . .        i - +0 broad axe
rCold   . . .        (no shield)
rNeg    . . .        d - +1 ring mail {rF+}
rPois   +            (no helmet)
rElec   .            (no cloak)
rCorr   .            (no gloves)
SInv    +            (no barding)
Will    .....        (no amulet)
Stlth   +            e - ring of flight
HPRegen 0.27/turn    (no ring)
MPRegen 0.11/turn

%: no passive effects
@: flying, very slightly contaminated, very slow
A: AC +1, large, see invisible, deformed body, poison resistance, slowness 2,
spit poison 1, naga tail 1
a: Spit Poison, Renounce Religion, Purification, Heal Other


You were on level 3 of the Dungeon.
You worshipped Elyvilon.
Elyvilon was pleased with you.
You visited 1 branch of the dungeon, and saw 4 of its levels.

You collected 178 gold pieces.

Inventory:

Hand Weapons
 c - a +2 flail of holy wrath
 i - a +0 broad axe (weapon)
Armour
 a - a +0 robe
 d - a +1 ring mail of fire resistance (worn)
Jewellery
 e - a ring of flight (left hand)


   Skills:
 + Level 2.3 Fighting
 - Level 1.5 Dodging
 - Level 3.0 Stealth
 + Level 3.0 Spellcasting
 + Level 4.7 Summonings
 + Level 0.7 Air Magic
 + Level 1.2 Invocations


You had 3 spell levels left.
You knew the following spells:

 Your Spells              Type           Power      Damage    Failure   Level
a - Summon Lightning Spi  Summ/Air       11%        N/A       83%         4
b - Call Canine Familiar  Summ           18%        N/A       21%         3

Your spell library contained the following spells:

 Spells                   Type           Power      Damage    Failure   Level
 Summon Small Mammal      Summ           72%        N/A       7%          1
 Call Imp                 Summ           36%        N/A       10%         2
 Apportation              Tloc           4%         N/A       41%         1
 Necrotise                Necr           8%         1d4       41%         1
 Sting                    Conj/Alch      8%         1d3       41%         1
 Ensorcelled Hibernation  Hex/Ice        4%         N/A       56%         2
 Swiftness                Air            5%         N/A       71%         3
 Passwall                 Erth           2%         N/A       80%         3
 Summon Blazeheart Golem  Fire/Summ      10%        N/A       86%         4
 Orb of Destruction       Conj           1%         9d5       100%        7
 Spellforged Servitor     Conj/Summ      5%         N/A       100%        7


Dungeon Overview and Level Annotations

Branches:
Dungeon (4/15)
 Temple: D:4-7

Altars:
Elyvilon


Innate Abilities, Weirdness & Mutations

Your serpentine skin is tough. (AC +1)
You have supernaturally acute eyesight. (SInv)
Armour fits poorly on your strangely shaped body.
Your system is resistant to poisons. (rPois)
You cover ground very slowly.
You can spit poison.
You have a snake-like lower body.


Message History

You start resting.
HP restored.
A hobgoblin comes into view.
Found a scroll of identify.
The hobgoblin shouts!
Casting: Call Canine Familiar (dangerous; 21% risk of failure)
Confirm with . or Enter, or press ? or * to list all spells.
You miscast Summon Lightning Spire.
You are very lightly contaminated with residual magic.
Distant voices call out in your mind.
A nameless horror comes into view.
Casting: Summon Lightning Spire (astonishingly dangerous; 83% risk of failure)
Confirm with . or Enter, or press ? or * to list all spells.
You miscast Summon Lightning Spire.
You are caught in an explosion of electrical discharges!!
The nameless horror hits you.
You feel your power leaking away. The nameless horror hits you.
The nameless horror attacks as it pursues you!
The nameless horror hits you.
* * * LOW HITPOINT WARNING * * *
The nameless horror hits you but does no damage.
Casting: Summon Lightning Spire (astonishingly dangerous; 83% risk of failure)
Confirm with . or Enter, or press ? or * to list all spells.
You don't have enough magic to cast this spell.
You aren't carrying any potions.
You aren't carrying any scrolls.
You slash the nameless horror!
The nameless horror is moderately damaged.
The nameless horror hits you but does no damage.
The nameless horror hits you.
* * * LOW HITPOINT WARNING * * *
You feel your power leaking away. The nameless horror barely misses you.
Found a scroll of blinking.
The nameless horror hits you!
* * * LOW HITPOINT WARNING * * *
The nameless horror attacks as it pursues you!
The nameless horror hits you.
You die...

*********#########
,,,,,,,,,........#
***************#@# ######X####
########...g.....#
#.....##.####.#.##*****
#.....##.####.#....,,,*
#.....>....##.#...?,,,********
#..........g.........,,,,,,,,,
#......#.#.##.#.#####********,
#......#.#.##.#,,....,* *,,,


You could see a nameless horror.

Vanquished Creatures
  A nameless horror (D:3)
  A dart slug (D:1)
  3 ball pythons
  2 giant cockroaches
  4 hobgoblins
  2 kobolds
  A bat (D:2)
  2 frilled lizards (D:1)
  10 goblins
  A rat (D:3)
27 creatures vanquished.

Vanquished Creatures (collateral kills)
  A sleepcap (D:2)
  An orc wizard (D:3)
  2 adders (D:2)
  2 ribbon worms
  3 orcs (D:3)
  A ball python (D:2)
  A bat (D:1)
  An endoplasm (D:2)
  2 giant cockroaches
  3 hobgoblins
  A rat (D:1)
18 creatures vanquished.

Vanquished Creatures (others)
  An orc (D:3)
1 creature vanquished.

Grand Total: 46 creatures vanquished

Notes
Turn   | Place    | Note
-------+----------+-------------------------------------------
     0 | D:1      | spaghetti the Naga Summoner began the quest for the Orb.
     0 | D:1      | Reached XP level 1. HP: 15/15 MP: 3/3
    57 | D:1      | Reached XP level 2. HP: 15/24 MP: 0/5
   235 | D:1      | Found a faded altar of an unknown god.
   249 | D:1      | Prayed at the altar of an unknown god.
   249 | D:1      | Became a worshipper of Elyvilon the Healer
   249 | D:1      | Reached * piety under Elyvilon
   272 | D:1      | Reached skill level 1 in Fighting
   859 | D:1      | You are sucked into a shaft and drop 1 floor!
   886 | D:2      | Reached XP level 3. HP: 26/31 MP: 3/6
   890 | D:2      | Learned a level 3 spell: Call Canine Familiar
  1426 | D:2      | Reached ** piety under Elyvilon
  1770 | D:2      | Reached XP level 4. HP: 13/39 MP: 2/8
  2077 | D:2      | Learned a level 4 spell: Summon Lightning Spire
  2225 | D:3      | Reached skill level 1 in Invocations
  2323 | D:3      | Reached XP level 5. HP: 22/45 MP: 9/9
  2536 | D:3      | Noticed a nameless horror
  2544 | D:3      | Killed a nameless horror
  2689 | D:3      | Noticed a nameless horror
  2699 | D:3      | Elyvilon protects you from harm!
  2832 | D:3      | Noticed a nameless horror
  2843 | D:3      | HP: 2/45 [nameless horror[miscasting Summon Lightning
                  | Spire] (8)]
  2844 | D:3      | Slain by a nameless horror

Illustrated notes

Levels and vault maps discovered:
D:1:      tarquinn_simple_flora_water_e, layout_loops_ring,
          dreamdust_ecumenical_altar_grove, minmay_shallow_snake_nest
D:2:      layout_basic
D:3:      layout_basic, nicolae_overflow_ecumenical_swirl, minmay_goblin_outpost
D:4:      layout_basic, kennysheep_mini, ebering_ghost_gozag, uniq_menkaure

Skill      XL: |  1  2  3  4  5 |
---------------+----------------+-----
Fighting       | 1 2 |  2.3
Invocations    | 1 |  1.2
Spellcasting   | 3 |  3.0
Dodging        | |  1.5
Stealth        | |  3.0
Summonings     | |  4.7
Air Magic      | |  0.7

Action                     |  1- 3 |  4- 6 || total
---------------------------+-------+-------++-------
  Melee: Unarmed           |    74 |       ||    74
         Broad axe         |    18 |    41 ||    59
         Punch             |       |     2 ||     2
   Cast: Summon Small Mamm |    29 |       ||    29
         Call Canine Famil |     6 |     4 ||    10
 Invoke: Heal Other        |       |     2 ||     2
Ability: Spit Poison       |     4 |       ||     4
    Use: Scroll            |     3 |     4 ||     7
         Potion            |     2 |     1 ||     3
   Stab: Sleeping          |     4 |       ||     4
         Distracted        |       |     2 ||     2
 Armour: Robe              |    80 |     8 ||    88
         Ring mail         |       |    61 ||    61
  Dodge: Dodged            |    67 |    44 ||   111
